 Dungeon Crawl Stone Soup version 0.24.0-13-gcf9b319 (webtiles) character file.

Game seed: 9500642539359778301, levelgen mode: deterministic

60 ArcanElement the Magician (level 3, 0/20 HPs)
             Began as a Deep Elf Wizard on Nov 11, 2019.
             Slain by a jackal (1 damage)
             ... on level 3 of the Dungeon.
             The game lasted 00:03:52 (2176 turns).

ArcanElement the Magician (Deep Elf Wizard)         Turns: 2176, Time: 00:03:53

Health: 0/20       AC:  2    Str:  4    XL:     3   Next: 80%
Magic:  0/11       EV: 13    Int: 23    God:
Gold:   50         SH:  0    Dex: 13    Spells: 2/12 levels left

rFire    . . .     SeeInvis .   i - +0 dagger
rCold    . . .     Gourm    .   (no shield)
rNeg     . . .     Faith    .   a - +0 robe
rPois    .         Spirit   .   b - +0 hat
rElec    .         Reflect  .   (no cloak)
rCorr    .         Harm     .   (no gloves)
MR       .....                  (no boots)
Stlth    ++........             (no amulet)
HPRegen  0.06/turn              (no ring)
MPRegen  0.12/turn              (no ring)

@: very slightly contaminated
A: no striking features
a: no special abilities


You were on level 3 of the Dungeon.
You were hungry.

You visited 1 branch of the dungeon, and saw 3 of its levels.

You collected 50 gold pieces.

Inventory:

Hand Weapons
 i - a +0 dagger (weapon)
Missiles
 c - 13 arrows
 h - 3 boomerangs (quivered)
Armour
 a - a +0 robe (worn)
 b - a +0 hat (worn)
Scrolls
 e - a scroll of magic mapping {unknown}
 j - 2 scrolls of teleportation {unknown}
 k - a scroll of enchant armour {unknown}
 l - a scroll of noise {unknown}
 m - 2 scrolls of identify {unknown}
 n - a scroll of remove curse {unknown}
Potions
 f - a potion of cancellation {unknown}
 g - a potion of curing
Comestibles
 d - 3 rations


   Skills:
 + Level 1.4 Fighting
 + Level 3.5 Dodging
 - Level 2.4 Stealth
 + Level 5.2 Spellcasting
 - Level 1.1 Conjurations
 - Level 1.1 Summonings
 - Level 1.1 Translocations


You had 2 spell levels left.
You knew the following spells:

 Your Spells              Type           Power        Failure   Level  Hunger
a - Magic Dart            Conj           ##..         6%          1    None
b - Blink                 Tloc           N/A          9%          2    None
c - Call Imp              Summ           ##......     9%          2    None
d - Slow                  Hex            #.......     14%         2    None
e - Mephitic Cloud        Conj/Pois/Air  #.......     24%         3    ##.....

Your spell library contained the following spells:

 Spells                   Type           Power        Failure   Level  Hunger
 Conjure Flame            Conj/Fire      #.......     22%         3    ##.....


Dungeon Overview and Level Annotations

Branches:
Dungeon (3/15)

Altars:

Annotations:
D:1 water


Message History

Aim: a jackal The magic dart hits the jackal.
The jackal is severely wounded.
The jackal barely misses you.
You hit the jackal but do no damage.
The jackal is severely wounded.
The jackal bites you.
* * * LOW HITPOINT WARNING * * *
You hit the jackal but do no damage.
The jackal is severely wounded.
The jackal closely misses you. The jackal completely misses you.
You closely miss the jackal.
The jackal is severely wounded.
The jackal closely misses you.
You barely miss the jackal.
The jackal is severely wounded.
The jackal bites you.
* * * LOW HITPOINT WARNING * * *
The jackal bites you.
You die...

...$..#
.....#
....#####
#.......#
#.†.....#
###.......#
#..h.......
#h#.......#
#@#.......#
#.#########
..######.#
.........#
..######.####
+.<.......#
#..#.####.#
#..#.# #
#..#.#


You could see a jackal.

Vanquished Creatures
  An adder (D:2)
  4 dart slugs
  A ball python (D:1)
  3 giant cockroaches
  2 goblins
  4 hobgoblins
  5 jackals
  5 kobolds
  A quokka (D:2)
  7 bats
  2 frilled lizards (D:1)
  7 rats
42 creatures vanquished.

Vanquished Creatures (collateral kills)
  A fungus (D:1)
1 creature vanquished.

Grand Total: 43 creatures vanquished

Notes
Turn   | Place    | Note
-------+----------+-------------------------------------------
     0 | D:1      | ArcanElement the Deep Elf Wizard began the quest for the
                  | Orb.
     0 | D:1      | Reached XP level 1. HP: 10/10 MP: 7/7
   427 | D:1      | Reached XP level 2. HP: 16/16 MP: 6/9
  1107 | D:1      | Reached skill level 1 in Fighting
  1114 | D:1      | Learned a level 2 spell: Blink
  1117 | D:1      | Learned a level 2 spell: Call Imp
  1120 | D:1      | Learned a level 2 spell: Slow
  1328 | D:2      | Reached XP level 3. HP: 19/20 MP: 3/11
  1337 | D:2      | Learned a level 3 spell: Mephitic Cloud
  1408 | D:2      | Reached skill level 5 in Spellcasting
  2173 | D:3      | HP: 1/20 [jackal (1)]
  2176 | D:3      | Slain by a jackal

Levels and vault maps discovered:
D:1:      dpeg_cavernosity, layout_loops_corners
D:2:      layout_basic
D:3:      layout_basic, uniq_robin

Skill      XL: |  1  2  3 |
---------------+----------+-----
Dodging        | 3 |  3.5
Fighting       | 1 |  1.4
Spellcasting   | 5 |  5.2
Stealth        | |  2.4
Conjurations   | |  1.1
Summonings     | |  1.1
Translocations | |  1.1

Action                   || total
-------------------------++-------
Melee: Dagger            ||    27
 Cast: Magic Dart        ||    94
       Call Imp          ||     3
  Use: Potion            ||     2
 Stab: Sleeping          ||     4
  Eat: Chunk             ||     3
Armor: Robe              ||    11
Dodge: Dodged            ||    26
